 Dungeon Crawl Stone Soup version 0.28-a0-1286-g6bde065e89 (webtiles) character file.

Game seed: 4938291962182189893

350 Iscandelvey the Covered (level 6, 41/41 HPs)
             Began as a Demonspawn Wanderer on Dec 26, 2021.
             Quit the game on level 4 of the Dungeon.
             The game lasted 00:05:21 (4334 turns).

Iscandelvey the Covered (Demonspawn Wanderer)       Turns: 4334, Time: 00:05:21

Health: 41/41      AC:  5    Str: 15    XL:     6   Next: 33%
Magic:  10/10      EV: 10    Int: 18    God:
Gold:   184        SH:  0    Dex: 13    Spells: 9/10 levels left

rFire   . . .      SeeInvis .   a - +2 quarterstaff
rCold   . . .      Faith    .   (shield currently unavailable)
rNeg    . . .      Spirit   .   b - +0 ring mail
rPois   .          Reflect  .   (no helmet)
rElec   .          Harm     .   (no cloak)
rCorr   .          Rampage  .   (no gloves)
Will    .....                   (no boots)
Stlth   +.........              r - amulet of regeneration
HPRegen 0.93/turn               h - +6 ring of intelligence
MPRegen 0.12/turn               f - ring of flight

@: flying
A: foul stench 1, demonic touch 1
a: no special abilities


You were on level 4 of the Dungeon.
You visited 1 branch of the dungeon, and saw 5 of its levels.

You collected 184 gold pieces.

Inventory:

Hand Weapons
 a - a +2 quarterstaff (weapon)
Armour
 b - a +0 ring mail (worn)
Jewellery
 f - a ring of flight (right hand)
 h - a +6 ring of intelligence (left hand)
 r - an amulet of regeneration (around neck)
Wands
 l - a wand of iceblast (8)
Scrolls
 c - a scroll of magic mapping {unknown}
 d - a scroll of identify {unknown}
 g - a scroll of fear {unknown}
 j - 2 scrolls of enchant armour {unknown}
 m - a scroll of teleportation {unknown}
 o - a scroll of amnesia {unknown}
 s - a scroll of vulnerability {unknown}
 t - a scroll of immolation {unknown}
Potions
 e - 2 potions of attraction {unknown}
 i - a potion of invisibility {unknown}
 k - a potion of curing {unknown}
 n - a potion of magic {unknown}
 p - a potion of flight {unknown}
 q - 3 potions of heal wounds {unknown}


   Skills:
 + Level 3.5 Staves
 + Level 3.5 Armour
 + Level 2.5 Stealth
 * Level 2.8 Spellcasting
 + Level 2.4 Poison Magic
 + Level 2.6 Evocations


You had 9 spell levels left.
You knew the following spells:

 Your Spells              Type           Power      Damage    Failure   Level
a - Sting                 Tmut/Pois      24%        1d4       19%         1

Your spell library contained the following spells:

 Spells                   Type           Power      Damage    Failure   Level
 Animate Skeleton         Necr           4%         N/A       32%         1
 Pain                     Necr           8%         1d4       32%         1
 Ensorcelled Hibernation  Hex/Ice        4%         N/A       43%         2
 Spider Form              Tmut/Pois      6%         N/A       50%         3
 Ignite Poison            Fire/Tmut/Pois 5%         N/A       56%         3
 Mephitic Cloud           Conj/Pois/Air  5%         N/A       56%         3
 Conjure Flame            Conj/Fire      2%         6-21      67%         3
 Vampiric Draining        Necr           2%         2d6       67%         3
 Sticky Flame             Conj/Fire      2%         2d3       97%         4


Dungeon Overview and Level Annotations

Branches:
Dungeon (5/15)
 Temple: D:4-7

Altars:
Cheibriados

Shops:
D:4 (

Annotations:
D:5 Pikel


Innate Abilities, Weirdness & Mutations

You may rarely emit foul miasma when damaged in melee.
Your touch may inflict minor irresistible damage on your foes.


Message History

The lemure hits you. The hound bites you.
The hound bites you but does no damage. Pikel misses you. The hound bites you.
The hound closely misses you.
There is a stone staircase leading up here.
The hound bites you but does no damage. x2
You fly upwards.
There is a stone staircase leading down here.
The lemure misses you. The hound bites you.
The hound looks more healthy.
The hound barely misses you.
You hit the hound.
The hound is almost dead.
The hound bites you. The hound bites you but does no damage.
You thump the hound!
You kill the hound!
You hit the lemure but do no damage. The lemure closely misses you.
You sock the lemure!
The lemure is moderately wounded.
The lemure closely misses you.
You closely miss the lemure.
The lemure is moderately wounded.
The lemure hits you.
You hit the lemure.
The lemure is heavily wounded.
The lemure hits you. x2
You barely miss the lemure.
The lemure is heavily wounded.
The lemure closely misses you.
You hit the lemure.
The lemure is severely wounded.
The lemure barely misses you.
You sock the lemure!
You kill the lemure!
That felt strangely unrewarding.
You see here a hound corpse.
You start resting.
HP restored.
Are you sure you want to abandon this character and quit the game? (Confirm with "yes".)

.# #.#
#.#######.#####...## .#
#.# #.# #.# ##..#
.######.# #.# #.# #..#
........#
#.#######.######..##
#######.##
#................... #
###...###
#.#########.####..## #
#.......# #.# #.# ##...# #
#.#...#.###.#######
#.###..... #
#.##.#.......@†...#
#......... #
#.##^#..###.#####>#
#####..... #
#.##....).......#.# ##)...
####.##....##...##.#.#
##.##
...........##...##.#.#
#.##
####.###...##.#.#.#..#
#.## ####.#
#...##.#<.###.#########...
.....# #........##
##.##<..<...). ######
#.......## ##......###.#


There were no monsters in sight!

Vanquished Creatures
  A phantom (D:4)
  A lemure (D:4)
  An orc priest (D:4)
  A hound (D:4)
  An iguana (D:4)
  An orc wizard (D:3)
  A gnoll (D:1)
  6 adders
  5 dart slugs
  7 orcs
  5 ball pythons
  7 bats
  10 endoplasms
  4 giant cockroaches
  6 hobgoblins
  4 quokkas
  2 frilled lizards (D:2)
  8 goblins
  8 kobolds
  6 rats
85 creatures vanquished.

Vanquished Creatures (others)
  3 plants (D:2)
3 creatures vanquished.

Grand Total: 88 creatures vanquished

Notes
Turn   | Place    | Note
-------+----------+-------------------------------------------
     0 | D:1      | Iscandelvey the Demonspawn Wanderer began the quest for the
                  | Orb.
     0 | D:1      | Iscandelvey set off with the following items: a +2
                  | quarterstaff, a +0 ring mail; and the following spell
                  | memorised: Sting; and the following spells available to
                  | memorise: Mephitic Cloud
     0 | D:1      | Reached XP level 1. HP: 13/13 MP: 2/2
    31 | D:1      | Found a faded altar of an unknown god.
   239 | D:1      | Gained mutation: You may rarely emit foul miasma when
                  | damaged in melee. [demonic ancestry]
   239 | D:1      | Reached XP level 2. HP: 18/19 MP: 3/3
   608 | D:1      | Reached XP level 3. HP: 9/24 MP: 0/5
  1749 | D:2      | Reached XP level 4. HP: 30/30 MP: 6/6
  1862 | D:2      | Found a snail-covered altar of Cheibriados.
  2991 | D:3      | Reached XP level 5. HP: 24/35 MP: 2/8
  3731 | D:4      | Noticed a phantom
  3748 | D:4      | Killed a phantom
  3749 | D:4      | Gained mutation: Your touch may inflict minor irresistible
                  | damage on your foes. [demonic ancestry]
  3749 | D:4      | Reached XP level 6. HP: 24/41 MP: 9/9
  3841 | D:4      | Found Heagemebb's Firing Range.
  4284 | D:5      | Entered Level 5 of the Dungeon
  4285 | D:5      | Noticed Pikel
  4334 | D:4      | Quit the game

Illustrated notes

Levels and vault maps discovered:
D:1:      beargit_arrival_greenhouse, layout_rooms,
          ebering_ecumenical_altar_hall, roderic_roman_lattice
D:2:      layout_basic, basic_altar, serial_forest,
          infiniplex_forest_straight_2, infiniplex_forest_clump_small,
          infiniplex_forest_lined_corner, infiniplex_forest_lined_room_2,
          infiniplex_forest_zigzag_1, infiniplex_forest_zigzag_1,
          infiniplex_forest_lined_2, infiniplex_forest_pool,
          infiniplex_forest_end_2, infiniplex_forest_lined_room_2
D:3:      layout_basic
D:4:      layout_loops_ring, nicolae_shop_firing_range
D:5:      layout_rooms, serial_shops, nicolae_shop_hallway_plus,
          minmay_gold_behind_fungi, minivault_26, uniq_pikel, uniq_ijyb,
          uniq_blork_the_orc

Skill      XL: |  1  2  3  4  5 |
---------------+----------------+-----
Armour         | 3 |  3.5
Staves         | 3 |  3.5
Evocations     | 2 |  2.6
Stealth        | 2 |  2.5
Spellcasting   | 2 |  2.8
Poison Magic   | 2 |  2.4

Action                   |  1- 3 |  4- 6 || total
-------------------------+-------+-------++-------
Melee: Quarterstaff      |    81 |   133 ||   214
 Cast: Sting             |     6 |     4 ||    10
 Stab: Sleeping          |       |     2 ||     2
Armor: Ring mail         |    45 |    49 ||    94
Dodge: Dodged            |    52 |    68 ||   120

Table legend: (Time is in decaauts)
 A = Elapsed time spent in this place.
 B = Non-inter-level travel time spent in this place.
 C = Inter-level travel time spent in this place.
 D = Time resting spent in this place.
 E = Time spent auto-exploring this place.
 F = Levels seen in this place.
 G = Mean time per level.
                   A        B        C        D        E       F      G
               +--------+--------+--------+--------+--------+-----+--------+
         Total |   4365 |   4261 |    104 |    187 |   3501 |   5 |  873.0 |
       Dungeon |   4365 |   4261 |    104 |    187 |   3501 |   5 |  873.0 |
               +--------+--------+--------+--------+--------+-----+--------+

Top non-repeatable levels by time:
     D:2: 1452 daAuts
     D:3: 1075 daAuts
     D:1: 953 daAuts
     D:4: 868 daAuts
     D:5: 15 daAuts
